 Dungeon Crawl Stone Soup version 0.19-a0-1786-g230130f (webtiles) character file.

164 Amnesiac the Cutter (level 5, -4/36 HPs)
             Began as a Halfling Berserker on Oct 3, 2016.
             Was a Priest of Trog.
             Slain by an orc priest
             ... wielding a +0 whip
              (5 damage)
             ... on level 5 of the Dungeon.
             The game lasted 00:03:17 (2268 turns).

Amnesiac the Cutter (Halfling Berserker)            Turns: 2268, Time: 00:03:18

Health: -4/36      AC: 13    Str: 18 (20) XL:     5   Next: 73%
Magic:  5/5        EV: 10    Int:  2 (5)  God:    Trog [***...]
Gold:   198        SH:  0    Dex: 14 (15) Spells: 0 memorised, 4 levels left

rFire  . . .     SeeInvis .     a - +0 short sword
rCold  . . .     Gourm    .     j - +0 chain mail
rNeg   . . .     Faith    .     (shield restricted)
rPois  .         Spirit   .     (no helmet)
rElec  .         Dismiss  .     (no cloak)
rCorr  .         Reflect  .     b - +2 pair of gloves
MR     .....     Harm     .     A - +0 pair of boots
Stlth  ..........               (no amulet)
                                (no ring)
                                r - +2 ring of strength

@: very slightly contaminated, invisible
A: mutation resistance 1
a: Berserk, Trog's Hand, Burn Spellbooks, Renounce Religion


You were on level 5 of the Dungeon.
You worshipped Trog.
Trog was most pleased with you.
You were hungry.

You visited 1 branch of the dungeon, and saw 5 of its levels.

You collected 198 gold pieces.

Inventory:

Hand Weapons
 a - a +0 short sword (weapon)
Missiles
 k - 7 curare-tipped needles
 n - 16 poisoned needles
Armour
 b - a +2 pair of gloves (worn)
 j - a +0 chain mail (worn)
 A - a +0 pair of boots (worn)
Jewellery
 r - a +2 ring of strength (left hand)
 y - an uncursed amulet of faith {unknown}
Scrolls
 f - 2 scrolls of recharging {unknown}
 i - a scroll of immolation {unknown}
 l - 3 scrolls of identify {unknown}
 o - 2 scrolls of fear {unknown}
 p - 3 scrolls of noise {unknown}
 s - a scroll of teleportation {unknown}
 u - a scroll of magic mapping {unknown}
Potions
 e - 2 potions of degeneration
 g - 2 potions of invisibility
 h - a potion of brilliance {unknown}
 m - a potion of ambrosia {unknown}
 w - a potion of curing {unknown}
 x - 2 potions of berserk rage {unknown}
Comestibles
 c - 2 bread rations
 d - 5 chunks of flesh
 q - a slice of pizza
 t - a beef jerky
 v - 3 fruits
 z - a meat ration


   Skills:
 + Level 3.4 Fighting
 * Level 4.8 Short Blades
 + Level 1.2 Throwing
 + Level 3.3 Armour
 + Level 2.5 Dodging
 + Level 1.7 Stealth


You had 4 spell levels left.
You didn't know any spells.

Dungeon Overview and Level Annotations

Branches:
Dungeon (5/15)             Temple (0/1) D:5

Altars:
Yredelemnul
The Shining One

Annotations:
D:4 zkyp's ghost, amateur OpGl


Innate Abilities, Weirdness & Mutations

You are small and have problems with some larger weapons.
You are somewhat resistant to further mutation.


Message History

You hit the orc priest but do no damage.
The orc priest is lightly wounded.
You puncture the orc priest!
The orc priest is severely wounded.
The orc priest barely misses you.
Your chain mail prevents you from hitting the orc priest.
The orc priest is severely wounded.
The orc priest closely misses you.
You hit the orc priest but do no damage.
The orc priest is severely wounded.
You barely miss the orc priest.
The orc priest is severely wounded.
The orc priest hits you but does no damage.
The orc priest hits you with a whip.
* * * LOW HITPOINT WARNING * * *
Your chain mail prevents you from hitting the orc priest.
You hit the orc priest.
The orc priest is moderately wounded.
The orc priest hits you with a whip.
You die...

###.. .... #.o. ...
##.######## ..#
##.........# . ...#
#####..#.......# ..#
#..####)..o.##.......#
#...##.....o######.......#
...........o# #.......#
#>.<..@## ##.......#
.###.....# ###..#.#####
..........####...#......
..###...................
................#.......
........................
##......................
#.....................
#...............#####


You could see 2 orc priests.

Vanquished Creatures
  A hound (D:4)
  A bullfrog skeleton (D:4)
  An adder (D:3)
  An ooze (D:3)
  4 worms
  2 dart slugs
  6 leopard geckos
  2 orcs (D:5)
  4 bats
  2 giant cockroaches
  9 hobgoblins
  8 jackals
  4 kobolds
  3 quokkas (D:3)
  A ball python (D:2)
  6 frilled lizards
  6 goblins
  4 rats
65 creatures vanquished.

Notes
Turn   | Place    | Note
-------+----------+-------------------------------------------
     0 | D:1      | Amnesiac the Halfling Berserker began the quest for the Orb.
     0 | D:1      | Reached XP level 1. HP: 15/15 MP: 1/1
   328 | D:1      | Reached XP level 2. HP: 18/20 MP: 2/2
   932 | D:2      | Reached XP level 3. HP: 26/26 MP: 3/3
  1054 | D:2      | Reached ** piety under Trog
  1190 | D:2      | Reached skill level 4 in Short Blades
  1343 | D:2      | Reached XP level 4. HP: 24/31 MP: 4/4
  1661 | D:3      | Found a faded altar of an unknown god.
  1698 | D:3      | Reached skill level 1 in Stealth
  1835 | D:3      | Reached *** piety under Trog
  1936 | D:3      | Found a basalt altar of Yredelemnul.
  1967 | D:3      | Reached XP level 5. HP: 10/36 MP: 5/5
  2042 | D:3      | Noticed a centaur
  2082 | D:4      | Reached skill level 1 in Throwing
  2147 | D:4      | Found a glowing golden altar of the Shining One.
  2185 | D:4      | Noticed zkyp's ghost (amateur OpGl)
  2199 | D:5      | Entered Level 5 of the Dungeon
  2199 | D:5      | Found a staircase to the Ecumenical Temple.
  2265 | D:5      | HP: 1/36 [orc priest/whip (3)]
  2268 | D:5      | Slain by an orc priest

Vault maps used:
D:1:      dpeg_arrival_rhombus, st_stairs_8
D:3:      lemuel_doored_altar, ecumenical_altar_2
D:4:      black_bear_nest_1, tso_metal_star, serial_shops, shop,
          gup_sewer_entry_bowl, first_bread, minmay_a_box_with_orc_wizards_in_it
D:5:      zin_statuary

Skill      XL: |  1  2  3  4  5 |
---------------+----------------+-----
Fighting       | 3 |  3.4
Short Blades   | 4 |  4.8
Armour         | 3 |  3.3
Stealth        | 1 |  1.7
Throwing       | 1 |  1.2
Dodging        | |  2.5

Action                   |  1- 3 |  4- 6 || total
-------------------------+-------+-------++-------
Melee: Short sword       |   153 |   175 ||   328
Invok: Berserk           |     1 |       ||     1
  Use: Potion            |       |     2 ||     2
  Eat: Chunk             |     2 |     3 ||     5
Armor: Animal skin       |     8 |       ||     8
       Chain mail        |    61 |   102 ||   163
Dodge: Dodged            |   105 |   114 ||   219
